 Dungeon Crawl Stone Soup version 0.30-a0-222-ge547ba4400 (webtiles) character file.

Game seed: 17176940315391017244

1166 lunkers the Geomancer (level 9, -4/56 (62) HPs)
             Began as a Meteoran Wanderer on Oct 8, 2022.
             Was a Believer of Cheibriados.
             Slain by a wight
             ... wielding a +0 flail
              (7 damage)
             ... on level 7 of the Dungeon.
             The game lasted 00:05:00 (2058 turns).

lunkers the Geomancer (Meteoran Wanderer)           Turns: 2058, Time: 00:05:01

HP:   -4/56 (62)    AC:  5    Str: 15    XL:     9   Next: 0%
MP:   0/17          EV: 13    Int: 25    God:    Cheibriados [**....]
Gold: 197           SH:  0    Dex: 21    Spells: 14/18 levels left

rFire   . . .      SeeInvis .    a - +2 sling
rCold   . . .      Faith    .    (no shield)
rNeg    . . .      Spirit   .    d - +0 robe
rPois   .          Reflect  .    (no helmet)
rElec   .          Harm     .    e - +0 cloak
rCorr   .          Rampage  .    b - +0 pair of gloves
Will    +....                    l - +0 pair of boots
Stlth   +.........               (no amulet)
HPRegen 0.29/turn                (no ring)
MPRegen 0.15/turn                (no ring)

@: glowing, drained, very slow
A: sense surroundings 2, otherworldly, glowing, explore regen
a: Renounce Religion, Bend Time


You were on level 7 of the Dungeon.
You worshipped Cheibriados.
Cheibriados was pleased with you.
You visited 1 branch of the dungeon, and saw 7 of its levels.

You collected 197 gold pieces.

Inventory:

Hand Weapons
 a - a +2 sling (weapon)
 n - a +0 war axe of electrocution
Armour
 b - a +0 pair of gloves (worn)
 d - a +0 robe (worn)
 e - a +0 cloak (worn)
 i - a +0 pair of gloves
 l - a +0 pair of boots (worn)
Jewellery
 t - a ring of fire
 v - a ring of fire
Scrolls
 c - a scroll of silence
 h - a scroll of teleportation {unknown}
 j - a scroll of identify {unknown}
 k - 4 scrolls of fear {unknown}
 o - a scroll of noise {unknown}
 q - 3 scrolls of butterflies {unknown}
Potions
 f - 2 potions of haste {unknown}
 g - 2 potions of curing {unknown}
 m - 4 potions of heal wounds {unknown}
 p - a potion of cancellation {unknown}
 r - a potion of lignification {unknown}
 s - a potion of flight {unknown}
 u - a potion of berserk rage {unknown}
 w - a potion of invisibility {unknown}


   Skills:
 - Level 4.3 Ranged Weapons
 - Level 2.4 Dodging
 + Level 5.0 Spellcasting
 + Level 4.7 Conjurations
 + Level 9.6 Earth Magic
 - Level 1.2 Evocations


You had 14 spell levels left.
You knew the following spells:

 Your Spells              Type           Power      Damage    Failure   Level
a - Sandblast             Erth           100%       2d20      1%          1
b - Stone Arrow           Conj/Erth      84%        3d12      1%          3

Your spell library contained the following spells:

 Spells                   Type           Power      Damage    Failure   Level
 Static Discharge         Conj/Air       36%        2-4/arc   4%          2
 Vhi's Electric Charge    Tloc/Air       12%        N/A       24%         3
 Freezing Cloud           Conj/Ice/Air   7%         6-21      77%         5


Dungeon Overview and Level Annotations

Branches:
Dungeon (7/15) Zot: 3275   Temple (0/1) D:6

Altars:
Cheibriados
Elyvilon
Kikubaaqudgha
Okawaru
Ru
Uskayaw
Yredelemnul


Innate Abilities, Weirdness & Mutations

You passively map the area around you.
You are easily found by Zot.
You glow in the dark.
You regain HP and MP as you explore.


Message History

Aim: a wight, wielding a +0 flail and wearing a +0 robe (moderately damaged, 85% to hit)
The blast of sand hits the wight but does no damage.
The wight is moderately damaged.
* * * LOW MAGIC WARNING * * *
The wight hits you with a +0 flail!
* * * LOW HITPOINT WARNING * * *
The wight closely misses you.
Unknown command.
Casting: Sandblast (safe; 1% risk of failure)
Confirm with . or Enter, or press ? or * to list all spells.
Aiming: Sandblast (safe; 1% risk of failure)
Press: ? - help, Shift-Dir - straight line, f/p - wight
Aim: a wight, wielding a +0 flail and wearing a +0 robe (moderately damaged, 85% to hit)
The blast of sand misses the wight.
* * * LOW MAGIC WARNING * * *
The wight hits you with a +0 flail.
* * * LOW HITPOINT WARNING * * *
You feel drained.
Unknown command.
The wight attacks as you move away! The wight closely misses you.
The wight hits you with a +0 flail.
* * * LOW HITPOINT WARNING * * *
You feel drained.
Items here: )) [[.
You shoot a sling bullet. The sling bullet hits the wight.
The wight is heavily damaged.
The wight hits you with a +0 flail!
* * * LOW HITPOINT WARNING * * *
You feel drained.
* * * LOW HITPOINT WARNING * * *
Casting: Sandblast (safe; 1% risk of failure)
Confirm with . or Enter, or press ? or * to list all spells.
Aiming: Sandblast (safe; 1% risk of failure)
Press: ? - help, Shift-Dir - straight line, f/p - wight
Aim: a wight, wielding a +0 flail and wearing a +0 robe (heavily damaged, 85% to hit)
The blast of sand hits the wight but does no damage.
The wight is heavily damaged.
* * * LOW MAGIC WARNING * * *
The wight hits you with a +0 flail!
You die...

* #.#* , ..#** #..# ..* * **#.. ,
#..####### , #.# #.### #.........
##.. #.#.. * #..######. .###.. #.
#.#.#,* #..# #... .....### #.
##.#.# #..# #.##
#....#####.##..#.# ,,#†## #...
#.............z#.#####.# ##.##
###.##..#####...@#.......####....
#...###.#####....#.#####.......##
#.#####..........#.#...#.........
.........<..#....#.#.#.#.......##
.##########.#....#.#.#.#.........
## #......#...#.#.#.###.## #
###....#####.#.#.# #... #
#..........#...# #### #
#....#####.#...# #


You could see a wight.

Vanquished Creatures
  Sigmund (D:2)
  Menkaure (D:6)
  A water moccasin (D:7)
  4 scorpions
  2 wights (D:7)
  3 electric eels (D:6)
  3 hounds
  Jessica (D:2)
  2 orc wizards (D:4)
  9 adders
  A gnoll (D:1)
  A worm (D:2)
  2 dart slugs
  5 orcs
  5 bats
  An endoplasm (D:1)
  3 giant cockroaches
  7 goblins
  4 hobgoblins
  2 jackals (D:2)
  2 ball pythons
  2 frilled lizards
  A kobold (D:4)
  3 rats
66 creatures vanquished.

Notes
Turn   | Place    | Note
-------+----------+-------------------------------------------
     0 | D:1      | lunkers the Meteoran Wanderer began the quest for the Orb.
     0 | D:1      | lunkers set off with the following items: a +2 sling, a +0
                  | pair of gloves, a scroll of silence, a +0 robe; and the
                  | following spell memorised: Sandblast; and the following
                  | spells available to memorise: Stone Arrow.
     0 | D:1      | Reached XP level 1. HP: 14/14 MP: 3/3
   142 | D:1      | Reached skill level 3 in Earth Magic
   142 | D:1      | Reached XP level 2. HP: 16/20 MP: 3/5
   255 | D:1      | Reached skill level 4 in Earth Magic
   255 | D:1      | Reached XP level 3. HP: 23/26 MP: 0/6
   409 | D:2      | Found an iron altar of Okawaru.
   444 | D:2      | Noticed Jessica
   449 | D:2      | Killed Jessica
   450 | D:2      | Reached skill level 5 in Earth Magic
   450 | D:2      | Reached XP level 4. HP: 16/33 MP: 4/7
   589 | D:2      | Learned a level 3 spell: Stone Arrow
   595 | D:2      | Noticed Sigmund
   599 | D:2      | Reached XP level 5. HP: 38/38 MP: 5/8
   604 | D:2      | Killed Sigmund
   605 | D:2      | Reached skill level 7 in Earth Magic
   605 | D:2      | Reached XP level 6. HP: 45/45 MP: 0/9
   723 | D:2      | Found a faded altar of an unknown god.
   736 | D:2      | Prayed at the altar of an unknown god.
   736 | D:2      | Became a worshipper of Cheibriados the Contemplative
   736 | D:2      | Reached * piety under Cheibriados
  1242 | D:4      | Found a white marble altar of Elyvilon.
  1291 | D:4      | Reached XP level 7. HP: 50/50 MP: 6/10
  1298 | D:4      | Reached skill level 8 in Earth Magic
  1398 | D:4      | Found a sacrificial altar of Ru.
  1405 | D:4      | Found an ancient bone altar of Kikubaaqudgha.
  1405 | D:4      | Found a basalt altar of Yredelemnul.
  1484 | D:5      | Entered Level 5 of the Dungeon
  1497 | D:5      | Got Goleiduf's Parchment of Aerial Congelation
  1552 | D:5      | Reached ** piety under Cheibriados
  1553 | D:5      | Reached skill level 1 in Conjurations
  1568 | D:5      | Found a hide-covered altar of Uskayaw.
  1688 | D:6      | Reached XP level 8. HP: 57/57 MP: 9/13
  1757 | D:6      | Reached skill level 9 in Earth Magic
  1805 | D:6      | Found a staircase to the Ecumenical Temple.
  1812 | D:6      | Noticed Menkaure
  1814 | D:6      | Killed Menkaure
  2050 | D:7      | Reached skill level 5 in Spellcasting
  2050 | D:7      | Gained mutation: You passively map the area around you.
                  | [Meteoran growth]
  2050 | D:7      | Reached XP level 9. HP: 39/62 MP: 2/17
  2057 | D:7      | HP: 2/56 [wight/+0 flail (4)]
  2058 | D:7      | Slain by a wight

Illustrated notes

Levels and vault maps discovered:
D:1:      matt_arrival_refuge, layout_loops_ring
D:2:      layout_loops_ring, dreamdust_ecumenical_altar_hidden_monk_grotto,
          basic_altar, uniq_jessica, uniq_sigmund
D:3:      layout_loops_ring, vehumet_statue, uniq_natasha
D:4:      minmay_chambers_of_threes, layout_loops_cross,
          gammafunk_temple_overflow_elements, lemuel_doored_altar, minitemple,
          serial_shops, nicolae_shop_behind_doors, fountainhead
D:5:      layout_loops_ring, mainiacjoe_overflow_alcove_1
D:6:      layout_basic, minmay_temple_entry_waves, serial_bayou_lake_a,
          uniq_menkaure
D:7:      layout_rooms, enter_bailey_2, minmay_misc_feat_rows, roderic_lattice_a

Skill      XL: |  1  2  3  4  5  6  7  8 |
---------------+-------------------------+-----
Earth Magic    | 3 4 5 7 8 9 |  9.6
Spellcasting   | 2 5 |  5.0
Conjurations   | 2 4 |  4.7
Ranged Weapons | |  4.3
Dodging        | |  2.4
Evocations     | |  1.2

Action                   |  1- 3 |  4- 6 |  7- 9 || total
-------------------------+-------+-------+-------++-------
 Fire: Sling             |       |    23 |     1 ||    24
 Cast: Sandblast         |    30 |    30 |    48 ||   108
       Stone Arrow       |       |       |     5 ||     5
Armor: Robe              |    12 |     3 |    10 ||    25
Dodge: Dodged            |    19 |     9 |    19 ||    47

Table legend: (Time is in decaauts)
 A = Elapsed time spent in this place.
 B = Non-inter-level travel time spent in this place.
 C = Inter-level travel time spent in this place.
 D = Time resting spent in this place.
 E = Time spent auto-exploring this place.
 F = Levels seen in this place.
 G = Mean time per level.
                   A        B        C        D        E       F      G
               +--------+--------+--------+--------+--------+-----+--------+
         Total |   2637 |   2542 |     95 |      0 |   2013 |   7 |  376.7 |
       Dungeon |   2637 |   2542 |     95 |      0 |   2013 |   7 |  376.7 |
               +--------+--------+--------+--------+--------+-----+--------+

Top non-repeatable levels by time:
     D:2: 754 daAuts
     D:4: 399 daAuts
     D:1: 373 daAuts
     D:6: 346 daAuts
     D:7: 278 daAuts
     D:3: 263 daAuts
     D:5: 221 daAuts
